 Dungeon Crawl Stone Soup version 0.31.0-9-g3a7656b989 (webtiles) character file.

Game seed: 9722801742871596290

36 qw the Shooter (level 3, 0/20 HPs)
             Began as a Deep Elf Hunter on Feb 2, 2024.
             Killed by nerve-wracking pain
             ... invoked by an orc priest
              (14 damage)
             ... on level 2 of the Dungeon.
             The game lasted 00:00:02 (794 turns).

qw the Shooter (Deep Elf Hunter)                     Turns: 794, Time: 00:00:03

Health: 0/20       AC:  5    Str: 10    XL:     3   Next: 19%
Magic:  5/5        EV: 11    Int: 13    God:
Gold:   46         SH:  0    Dex: 18    Spells: 2/2 levels left

rFire   . . .        a - +1 shortbow
rCold   . . .        (shield currently unavailable)
rNeg    . . .        d - +0 ring mail
rPois   .            (no helmet)
rElec   .            (no cloak)
rCorr   .            (no gloves)
SInv    .            (no boots)
Will    .....        (no amulet)
Stlth   +            (no ring)
HPRegen 0.23/turn    (no ring)
MPRegen 0.09/turn

%: no passive effects
@: no status effects
A: no striking features
a: no special abilities


You were on level 2 of the Dungeon.
You visited 1 branch of the dungeon, and saw 2 of its levels.

You collected 46 gold pieces.


   Skills:
 - Level 1.5 Fighting
 + Level 6.8 Ranged Weapons
 - Level 2.4 Dodging
 - Level 1.2 Stealth


You had 2 spell levels left.
You didn't know any spells.
Your spell library was empty.

Inventory:

Hand Weapons
 a - a +1 shortbow (weapon)
Armour
 d - a +0 ring mail (worn)
Jewellery
 h - a ring of fire
Scrolls
 c - a scroll of identify {unknown}
Potions
 b - a potion of heal wounds {unknown}
 e - a potion of lignification {unknown}
 f - a potion of attraction {unknown}
 i - a potion of curing {unknown}

Dungeon Overview and Level Annotations

Branches:
Dungeon (2/15)

Altars:


Message History

Found an escape hatch in the floor.
e - a glowing brown potion
Enter note: An orc priest comes into view.
It is wielding a +0 war axe.
The orc priest shouts!
An orc wizard comes into view. It is wielding a +0 dagger.
An orc comes into view. It is wielding a +0 trident.
You shoot an arrow. The arrow barely misses the orc priest.
The orc wizard shouts!
The arrow hits the orc wizard but does no damage.
You hear a shout!
The orc priest invokes the aid of Beogh against you.
You barely resist. You shoot an arrow. The arrow hits the orc priest.
The orc priest is heavily wounded.
The orc wizard gestures wildly while chanting.
The orc wizard flickers and vanishes!
Deactivating autopickup; reactivate with Ctrl-A.
An orc priest comes into view. It is wielding a +0 trident of flaming.
You shoot an arrow. The arrow barely misses the orc.
You shoot an arrow. The arrow barely misses the orc.
The orc priest begins to cast a cantrip, but forgets the words!
The orc closely misses you.
You shoot an arrow. The arrow barely misses the orc.
The orc closely misses you.
You shoot an arrow. The arrow hits the orc.
The orc is lightly wounded.
You shoot an arrow. You shoot an arrow. The arrow hits the orc!
You kill the orc!
You shoot an arrow. The arrow hits the orc priest.
The orc priest is lightly wounded.
Something hits you but does no damage.
The orc priest hits you from afar with a +0 trident of flaming.
The orc priest burns you. Something hits you but does no damage.
The orc priest mumbles some strange prayers to Beogh against you.
The orc priest calls down the wrath of Beogh upon you.
Pain shoots through your body!
Ouch! That really hurt!
You die...

...####.####.#..
#..........<#.. .####
###.##.###.....
.....####>##%####.##.
#......##..##.....
##...............
##...#####.##.....
##.....## #.##.....
#.@.....# #..#.)...
#...o........# #........
#.###o.......###.)#.....
#...................
###.................
.......##.........
........# ##.....#
#........ ##.....
#.......#####....#


You could see 2 orc priests.

Vanquished Creatures
  2 dart slugs (D:1)
  An orc (D:2)
  A bat (D:1)
  An endoplasm (D:1)
  A giant cockroach (D:1)
  3 hobgoblins (D:1)
  4 ball pythons
  2 frilled lizards (D:1)
  6 goblins
  5 kobolds
  4 rats (D:1)
30 creatures vanquished.

Notes
Turn   | Place    | Note
-------+----------+-------------------------------------------
     0 | D:1      | qw the Deep Elf Hunter began the quest for the Orb.
     0 | D:1      | Reached XP level 1. HP: 12/12 MP: 3/3
     0 | D:1      | 0 ||| qw: Version: 0.3-a-155-g5e7d8dd
     0 | D:1      | 0 ||| qw: Game counter: 355
     0 | D:1      | 0 ||| qw: Melee chars always use a shield: true
     0 | D:1      | 0 ||| qw: God list: Okawaru
     0 | D:1      | 0 ||| qw: Allow faded altars: false
     0 | D:1      | 0 ||| qw: Do Orc after clearing Dungeon:15 true
     0 | D:1      | 0 ||| qw: Do second Lair branch before Depths: true
     0 | D:1      | 0 ||| qw: Lair rune preference: random
     0 | D:1      | 0 ||| qw: Goals: Normal
     0 | D:1      | 0 ||| PLANNING D:1-11
    49 | D:1      | 49 ||| RETREEEEATING.
   119 | D:1      | Reached XP level 2. HP: 16/16 MP: 4/4
   144 | D:1      | Reached skill level 6 in Ranged Weapons
   531 | D:1      | Reached XP level 3. HP: 17/20 MP: 5/5
   573 | D:1      | 573 ||| UPGRADING to +0 ring mail.
   583 | D:1      | 583 ||| DROPPING +0 leather armour.
   584 | D:1      | 584 ||| READING scroll labelled EMOTOZ FASHOEH.
   584 | D:1      | 584 ||| ENCHANTING +0 shortbow.
   585 | D:1      | 585 ||| READING scroll labelled CEONWID QUTEO.
   586 | D:1      | 586 ||| DROPPING scroll of butterflies.
   794 | D:2      | Killed from afar by an orc priest

Levels and vault maps discovered:
D:1:      dpeg_arrival_pond, layout_loops_ring
D:2:      layout_rooms, serial_shops, shop, nicolae_hexahallways,
          dreamdust_princess_bridge

Skill      XL: |  1  2 |
---------------+-------+-----
Ranged Weapons | 6 |  6.8
Fighting       | |  1.5
Dodging        | |  2.4
Stealth        | |  1.2

Action                     || total
---------------------------++-------
   Fire: Shortbow          ||    66
    Use: Scroll            ||     2
 Armour: Leather armour    ||    11
         Ring mail         ||     3
  Dodge: Dodged            ||    11

Table legend:
 A = Non-vault XP
 B = Vault XP
 C = Vault XP percentage of total XP
 D = Non-vault monster count
 E = Vault monster count
 F = Vault count percentage of total count
                 A         B        C        D         E       F
            +---------+---------+-------+---------+---------+-------
      Total |      52 |       0 |   0.0 |      30 |       0 |   0.0
            +---------+---------+-------+---------+---------+-------
        D:1 |      43 |       0 |   0.0 |      25 |       0 |   0.0
        D:2 |       9 |       0 |   0.0 |       5 |       0 |   0.0
            +---------+---------+-------+---------+---------+-------
